cohdb
Replays
Latest Replays
All Replays
Popular Replays
Top Player Replays
Match Explorer
How It Works
Community
CoH3 Stats
Reddit
Sign in to upload your games and track your stats! →
Sign in with Steam
Match 43067660
Unlisted
Match 43067660
Overview
Messages
Build Orders
End
Construct Barracks
Construct Barracks
Selects Heavy Weapons
Riflemen Squad
Riflemen Squad
M1 Mortar Team
Construct Weapon Support Center
Air Support Center
Selects Assault Carriers
M3 Assault Carrier
Grasshopper Recon Run
M3 Assault Carrier
Engineer Squad
Riflemen Squad
M1918 Browning Automatic Rifles
Grasshopper Recon Run
Double Sortie
Air Supremacy
Selects Exchangeable Parts
Grasshopper Recon Run
Advanced Air Reconnaissance
Riflemen Squad
P-47 Dive Bomb
Jarkke
Setti-Veke
ViiKumi
Ligm4b4lls
Apachpl
mrkuerbis
0
0
Comments
sign in to comment!
No comments posted yet!